 Dungeon Crawl Stone Soup version 0.17-a0-1515-gfae3d72 (webtiles) character file.

34258 Chiseanne the Quickloader (level 13, -2/162 HPs)
             Began as a Demonspawn Wanderer on July 12, 2015.
             Was a High Priest of Okawaru.
             Slain by a frost giant
             ... wielding a +2 battleaxe of freezing
              (11 damage)
             ... on level 15 of the Dungeon.
             The game lasted 01:04:41 (15057 turns).

Chiseanne the Quickloader (Demonspawn Wanderer)    Turns: 15057, Time: 01:04:41

Health: -2/162     AC: 20    Str: 19    XL:     13   Next: 41%
Magic:  0/17       EV: 20    Int: 16    God:    Okawaru [*****.]
Gold:   976        SH:  0    Dex: 14    Spells: 0 memorised, 14 levels left

rFire  . . .     SeeInvis +     s - +2 demon trident (flame)
rCold  + . .     Clarity  .     t - +1 scale mail
rNeg   . . .     SustAt   .     (no shield)
rPois  +         Gourm    .     (helmet unavailable)
rElec  .         Spirit   +     u - +2 cloak {rPois} {god gift}
rCorr  .         Warding  .     P - +1 pair of gloves
rMut   .         Stasis   .     (no boots)
MR     .....                    v - amulet of regeneration
Stlth  ..........               a - ring of ice
                                j - +2 ring of evasion

@: berserking, heroism, very quick, not resistant to hostile enchantments,
extremely unstealthy
A: antennae 3, rugged brown scales 2, fire resistance 1, augmentation 1, magic
shield, magic regeneration, flame cloud immunity
a: Heroism, Finesse, Renounce Religion


You were on level 15 of the Dungeon.
You worshipped Okawaru.
Okawaru was extremely pleased with you.
You were not hungry.

You visited 2 branches of the dungeon, and saw 16 of its levels.
You also visited: Ossuary.

You collected 976 gold pieces.

Inventory:

Hand weapons
 d - a +4 quarterstaff of protection
 e - the +2 arbalest of Drought {velocity, *Corrode rC++ Dex+3}
   (You acquired it in an ossuary)

   Any bolt fired from it inflicts extra damage.
   It affects your dexterity (+3).
   It greatly protects you from cold.
   It may corrode your equipment when you take damage.
 h - a +0 longbow
 s - a +2 demon trident of flaming (weapon)
 w - a +5 hand crossbow of flaming
 z - a +1 hunting sling of evasion
Missiles
 c - 147 sling bullets
 m - 39 arrows of flame
 r - 241 arrows
 B - 8 bolts of frost
 C - a bolt of flame
 D - 10 steel bolts
Armour
 t - a +1 scale mail (worn)
 u - a +2 cloak of poison resistance (worn) {god gift}
 P - a +1 pair of gloves (worn)
Magical staves
 E - an uncursed staff of energy
Jewellery
 a - a ring of ice (right hand)
 b - an uncursed ring of poison resistance
 j - a +2 ring of evasion (left hand)
 l - an uncursed ring of invisibility
 v - an amulet of regeneration (around neck)
 K - an uncursed amulet of resist mutation {unknown}
 N - a +2 ring of protection
Magical devices
 n - a wand of cold (4)
 q - a wand of teleportation (3)
 W - a wand of teleportation (4)
 Y - a wand of disintegration (11)
Scrolls
 F - a scroll of blinking
 J - 4 scrolls of magic mapping
 O - 3 scrolls of amnesia
 R - 5 scrolls of teleportation
 S - 2 scrolls of immolation
 T - 4 scrolls of remove curse
 U - a scroll of brand weapon
Potions
 g - 4 potions of ambrosia
 i - 5 potions of curing
 k - a potion of cure mutation
 p - a potion of agility {unknown}
 y - 2 potions of heal wounds {unknown}
 A - a potion of berserk rage
 G - a potion of magic
 H - 2 potions of might
 I - a potion of brilliance {unknown}
 L - 2 potions of mutation
 M - a potion of resistance {unknown}
 V - a potion of invisibility
 Z - a potion of cancellation {unknown}
Books
 X - a book of Maledictions

   Spells                             Type                      Level
   a - Corona                         Hexes                        1
   b - Ensorcelled Hibernation        Hexes/Ice                    2
   c - Confuse                        Hexes                        3
   d - Tukima's Dance                 Hexes                        3
   e - Dazzling Spray                 Conjuration/Hexes            3
Comestibles
 f - 9 bread rations
 o - 8 meat rations


   Skills:
 + Level 9.8(14.8) Fighting
 - Level 11.9(16.9) Crossbows
 - Level 1.0(6.0) Throwing
 - Level 11.6(16.6) Armour
 + Level 9.0(14.0) Dodging
 - Level 1.0(6.0) Stealth
 - Level 1.0 Spellcasting
   Level 1.0 Hexes
   Level 2.6 Earth Magic
 * Level 6.6 Invocations


You had 14 spell levels left.
You didn't know any spells.

Dungeon Overview and Level Annotations

Branches:
Dungeon (15/15)            Temple (1/1) D:6            Lair (0/8) D:9
    Orc (0/4) D:10         Vaults (0/5) D:13         Depths (0/5) D:15

Altars:
Ashenzari
Cheibriados
Dithmenos
Elyvilon
Fedhas
Gozag
Kikubaaqudgha
Makhleb
Nemelex Xobeh
Okawaru
Qazlal
Ru
Sif Muna
Trog
Vehumet
Xom
Yredelemnul
Zin
The Shining One


Innate Abilities, Weirdness & Mutations

You have a pair of large antennae on your head (SInv).
You are mostly covered in rugged brown scales (AC +2, +5% HP).
Your flesh is heat resistant.
Your magical and physical power is slightly enhanced at high health.
When hurt, damage is shared between your health and your magic reserves.
You regenerate magic rapidly.
You are immune to clouds of flame.


Message History

* * * LOW HITPOINT WARNING * * *
The frost giant freezes you.
* * * LOW HITPOINT WARNING * * *
You barely miss the frost giant.
The frost giant is severely wounded.
The frost giant hits you with a battleaxe of freezing.
* * * LOW HITPOINT WARNING * * *
The frost giant freezes you.
* * * LOW HITPOINT WARNING * * *
Drink which item? (? for menu, Esc to quit)
A red film seems to cover your vision as you go berserk!
You feel yourself moving faster!
You feel mighty! The frost giant casts a spell at you.
The bolt of cold hits you!
You completely miss the frost giant.
The frost giant is severely wounded.
You puncture the frost giant! You burn the frost giant.
The frost giant is severely wounded.
The frost giant hits you with a battleaxe of freezing!
You die...

{ #### ##.(##
+### ...>##
....# ...$#
.....#+##C..#
........#@.#
.##.....'.##
........#####
##..........#
......#)....#
#......#.....#
...............#
...........≈≈≈.#
#........#.≈≈≈..


You could see a frost giant.

Vanquished Creatures
  Gastronok (D:11)
  Maud (D:12)
  9 vault guards
  A hydra (D:12)
  2 centaur warriors (D:13)
  2 unseen horrors
  The ghost of ontamu the Grappler, an experienced TrMo of Ru (D:8)
  Pikel (D:7)
  3 hill giants
  An ugly thing (D:12)
  A griffon (D:13)
  2 cyclopes
  Joseph (D:7)
  A gargoyle (D:13)
  2 trolls
  A tengu conjurer (D:13)
  3 slime creatures (D:12)
  Grinder (D:6)
  A vampire (D:14)
  A shadow (D:12)
  2 wraiths
  37 yaks
  A hungry ghost (D:11)
  A basilisk (D:9)
  4 hippogriffs
  Menkaure (D:5)
  2 vampire mosquitoes (D:14)
  2 steam dragons
  A mottled dragon (D:12)
  Duvessa (D:6)
  2 porcupines (D:9)
  2 black bears
  2 slaves (D:7)
  6 orc warriors
  4 sky beasts
  An ice beast (D:8)
  8 ogres
  2 necrophages
  2 phantoms
  3 crocodiles
  A brain worm (D:12)
  11 centaurs
  8 giant frogs
  A big kobold (D:9)
  Blork the orc (D:6)
  Dowan (D:6)
  8 scorpions
  12 killer bees
  A crimson imp (D:11)
  6 hounds
  3 jellies
  6 orc wizards
  3 centaur skeletons
  A quasit (D:5)
  3 centaur zombies
  A human zombie (Ossuary)
  5 orc priests
  Jessica (D:3)
  3 giant frog skeletons
  9 iguanas
  Terence (D:3)
  4 sheep (D:13)
  9 worker ants
  3 big kobold zombies (Ossuary)
  A hound skeleton (D:9)
  A hound zombie (D:8)
  4 mummies
  12 adders
  8 gnolls
  2 scorpion zombies (Ossuary)
  5 river rats (D:9)
  4 shadow imps
  A giant eyeball (D:15)
  2 oozes (D:2)
  2 worms
  An adder zombie (D:8)
  4 giant geckos
  41 orcs
  4 ball pythons
  21 bats
  A bat zombie (D:5)
  4 giant cockroaches
  2 gnoll zombies (Ossuary)
  15 hobgoblins
  3 jackals (D:4)
  13 kobolds
  6 giant newts
  13 goblins
  2 goblin zombies (Ossuary)
  A hobgoblin zombie (Ossuary)
  3 kobold zombies
  2 orc zombies (Ossuary)
  4 quokkas
  12 rats
416 creatures vanquished.

Vanquished Creatures (others)
  A hobgoblin zombie (Ossuary)
1 creature vanquished.

Grand Total: 417 creatures vanquished

Notes
Turn   | Place    | Note
--------------------------------------------------------------
     0 | D:1      | Chiseanne the Demonspawn Wanderer began the quest for the Orb.
     0 | D:1      | Chiseanne set off with: a +2 hand crossbow, 31 bolts, a +0 mace, a potion of curing, a +0 robe, a bread ration
     0 | D:1      | Reached XP level 1. HP: 13/13 MP: 2/2
   337 | D:1      | Gained mutation: You are partially covered in rugged brown scales (AC +1, +3% HP). [demonic ancestry]
   337 | D:1      | Reached XP level 2. HP: 3/20 MP: 3/3
   680 | D:1      | Reached skill level 1 in Dodging
   688 | D:1      | Found a glowing golden altar of the Shining One.
   795 | D:1      | Reached skill level 1 in Fighting
  1144 | D:1      | Reached XP level 3. HP: 26/26 MP: 4/4
  1390 | D:2      | Reached XP level 4. HP: 27/32 MP: 5/5
  2050 | D:3      | Reached skill level 3 in Crossbows
  2120 | D:3      | Gained mutation: Your flesh is heat resistant. [demonic ancestry]
  2120 | D:3      | Reached XP level 5. HP: 36/39 MP: 6/6
  2358 | D:3      | Found a deep blue altar of Sif Muna.
  2403 | D:3      | Noticed Jessica
  2414 | D:3      | Killed Jessica
  2420 | D:3      | Noticed Terence
  2447 | D:3      | Killed Terence
  2708 | D:3      | Found a stormy altar of Qazlal.
  2708 | D:3      | Found a blossoming altar of Fedhas.
  3201 | D:4      | Gained mutation: When hurt, damage is shared between your health and your magic reserves. [demonic ancestry]
  3201 | D:4      | Reached XP level 6. HP: 44/47 MP: 7/7
  3550 | D:4      | Noticed a phantom
  3575 | D:4      | Killed a phantom
  3628 | D:4      | Reached skill level 4 in Crossbows
  3724 | D:4      | Noticed an ogre
  3727 | D:4      | Killed an ogre
  3727 | D:4      | Gained mutation: You are mostly covered in rugged brown scales (AC +2, +5% HP). [demonic ancestry]
  3727 | D:4      | Reached XP level 7. HP: 43/54 MP: 8/8
  3812 | D:4      | Found a radiant altar of Vehumet.
  4137 | D:5      | Entered Level 5 of the Dungeon
  4289 | D:5      | Found a sand-covered staircase.
  4432 | Ossuary  | Entered an ossuary
  4833 | Ossuary  | Identified a scroll of acquirement
  4834 | Ossuary  | Got an iridescent arbalest
  4835 | Ossuary  | Identified the +2 arbalest of Drought {velocity, *Corrode rC++ Dex+3} (You acquired it in an ossuary)
  4897 | Ossuary  | Reached skill level 5 in Crossbows
  5039 | Ossuary  | Gained mutation: You are immune to clouds of flame. [demonic ancestry]
  5039 | Ossuary  | Reached XP level 8. HP: 61/63 MP: 9/9
  5267 | D:5      | Noticed Menkaure
  5269 | D:5      | Killed Menkaure
  5486 | D:5      | Found a shattered altar of Ashenzari.
  5788 | D:5      | Reached skill level 5 in Armour
  6123 | D:6      | Found a staircase to the Ecumenical Temple.
  6147 | Temple   | Entered the Ecumenical Temple
  6328 | Temple   | Became a worshipper of Warmaster Okawaru
  6473 | D:6      | Noticed Grinder
  6479 | D:6      | Killed Grinder
  6479 | D:6      | Reached skill level 6 in Crossbows
  6689 | D:6      | Found a blossoming altar of Fedhas.
  6731 | D:6      | Noticed Blork the orc
  6743 | D:6      | Killed Blork the orc
  6810 | D:6      | Noticed Duvessa
  6812 | D:6      | Noticed Dowan
  6812 | D:6      | Killed Duvessa
  6812 | D:6      | Acquired Okawaru's first power
  6812 | D:6      | Gained mutation: You have a pair of small antennae on your head. [demonic ancestry]
  6812 | D:6      | Reached XP level 9. HP: 70/70 MP: 10/10
  6814 | D:6      | Killed Dowan
  6977 | D:7      | Noticed Joseph
  7010 | D:7      | Killed Joseph
  7010 | D:7      | Reached skill level 5 in Fighting
  7142 | D:7      | Found a burning altar of Makhleb.
  7162 | D:7      | Reached skill level 7 in Crossbows
  7225 | D:7      | Noticed Pikel
  7233 | D:7      | Killed Pikel
  7243 | D:7      | Reached skill level 5 in Dodging
  7548 | D:7      | Found an opulent altar of Gozag.
  7548 | D:7      | Found a sparkling altar of Nemelex Xobeh.
  8095 | D:8      | Reached skill level 8 in Crossbows
  8095 | D:8      | Gained mutation: You have a pair of antennae on your head. [demonic ancestry]
  8095 | D:8      | Reached XP level 10. HP: 69/79 MP: 7/11
  8320 | D:8      | Noticed ontamu's ghost (experienced TrMo)
  8328 | D:8      | Killed ontamu's ghost
  8901 | D:8      | Found an ancient bone altar of Kikubaaqudgha.
  8901 | D:8      | Found a bloodstained altar of Trog.
  9182 | D:9      | Reached skill level 9 in Crossbows
  9361 | D:9      | Found a staircase to the Lair.
  9449 | D:9      | Found a snail-covered altar of Cheibriados.
  9847 | D:9      | Gained mutation: You have a pair of large antennae on your head (SInv). [demonic ancestry]
  9847 | D:9      | Reached XP level 11. HP: 63/88 MP: 4/12
  9855 | D:9      | Acquired Okawaru's second power
 10107 | D:10     | Entered Level 10 of the Dungeon
 10317 | D:10     | Received a gift from Okawaru
 10378 | D:10     | Found a staircase to the Orcish Mines.
 10802 | D:10     | Reached skill level 10 in Crossbows
 11058 | D:11     | Noticed an unseen horror
 11081 | D:11     | Killed an unseen horror
 11086 | D:11     | Noticed Gastronok
 11126 | D:11     | Killed Gastronok
 11126 | D:11     | Received a gift from Okawaru
 11310 | D:11     | Reached skill level 10 in Armour
 11461 | D:11     | Received a gift from Okawaru
 11519 | D:11     | Noticed a hill giant
 11523 | D:11     | Killed a hill giant
 12005 | D:11     | Noticed a hill giant
 12009 | D:11     | Killed a hill giant
 12009 | D:11     | Received a gift from Okawaru
 12039 | D:12     | Gained mutation: You regenerate magic rapidly. [demonic ancestry]
 12039 | D:12     | Reached XP level 12. HP: 96/96 MP: 13/13
 12091 | D:12     | Noticed Maud
 12104 | D:12     | Killed Maud
 12104 | D:12     | Received a gift from Okawaru
 12105 | D:12     | Noticed a five-headed hydra
 12130 | D:12     | Reached skill level 11 in Crossbows
 12254 | D:12     | Killed a five-headed hydra
 12340 | D:12     | Noticed an unseen horror
 12344 | D:12     | Killed an unseen horror
 12883 | D:13     | Found a gate to the Vaults.
 12883 | D:13     | Noticed a vault guard
 12883 | D:13     | Noticed a vault guard
 12883 | D:13     | Noticed a vault guard
 12884 | D:13     | Noticed a vault guard
 12885 | D:13     | Noticed a vault guard
 12885 | D:13     | Noticed a vault guard
 12886 | D:13     | Noticed a vault guard
 12886 | D:13     | Noticed a vault guard
 12890 | D:13     | Killed a vault guard
 12896 | D:13     | Killed a vault guard
 12907 | D:13     | Killed a vault guard
 12916 | D:13     | Killed a vault guard
 13094 | D:12     | Killed a vault guard
 13094 | D:12     | Received a gift from Okawaru
 13159 | D:12     | Killed a vault guard
 13177 | D:12     | Killed a vault guard
 13301 | D:12     | Killed a vault guard
 13311 | D:13     | Gained mutation: Your magical and physical power is slightly enhanced at high health. [demonic ancestry]
 13311 | D:13     | Reached XP level 13. HP: 91/106 MP: 12/14
 13406 | D:13     | Reached skill level 1 in Invocations
 13672 | D:13     | Noticed a centaur warrior
 13673 | D:13     | Killed a centaur warrior
 14040 | D:13     | Reached skill level 5 in Invocations
 14804 | D:14     | Received a gift from Okawaru
 14996 | D:14     | Found a shattered altar of Ashenzari.
 15001 | D:14     | You fall through a shaft!
 15001 | D:15     | Entered Level 15 of the Dungeon
 15031 | D:15     | Found a staircase to the Depths.
 15032 | D:15     | Noticed a frost giant
 15054 | D:15     | HP: 5/108 [frost giant/battleaxe of freezing (1)]
 15057 | D:15     | Slain by a frost giant

Vault maps used:
D:1:      dpeg_arrival_round_c, minmay_misc_feat_secret_circle, tso_altar
D:2:      first_bread, minivault_26
D:3:      grunt_temple_overflow_forces_of_nature, led_sif_pool,
          minmay_misc_feat_tiny, kennysheep_generic_room_14, uniq_jessica,
          uniq_terence
D:4:      vehumet_crystals
D:5:      ashenzari_altar_1, nicolae_ossuary_entry_giza, uniq_menkaure
D:6:      temple_statues, basic_altar, uniq_blork_the_orc, uniq_duvessa,
          uniq_grinder
D:7:      grunt_temple_overflow_opulence, lemuel_round_altar, uniq_joseph,
          uniq_pikel
D:8:      gammafunk_temple_overflow_elements, eino_jars
D:9:      old_standard_altar, minmay_lair_entry_grove
D:10:     david_orc_2
D:11:     uniq_gastronok
D:12:     uniq_maud
D:13:     erik_vaults_2
D:14:     lemuel_statue_altar
D:15:     hangedman_spin_cycle
Temple:   minmay_temple_curvy_8
Ossuary:  ossuary_minmay_scorpions

Action                   |  1- 3 |  4- 6 |  7- 9 | 10-12 | 13-15 || total
-------------------------+-------+-------+-------+-------+-------++-------
Melee: Mace              |    45 |   167 |   155 |       |       ||   367
       Short sword       |       |       |    52 |   263 |    13 ||   328
       Quarterstaff      |       |       |    30 |   352 |   106 ||   488
       Flail             |       |       |    22 |       |       ||    22
       Demon trident     |       |       |       |       |    16 ||    16
 Fire: Hand crossbow     |    41 |    88 |    74 |     8 |       ||   211
       Arbalest          |       |       |   128 |   279 |    77 ||   484
Throw: Throwing net      |       |     2 |     1 |       |       ||     3
Invok: Heroism           |       |       |     2 |    15 |     3 ||    20
       Finesse           |       |       |       |     3 |       ||     3
Evoke: Wand              |       |     1 |    12 |    13 |       ||    26
  Use: Scroll            |     3 |    12 |     9 |     8 |     2 ||    34
       Potion            |       |     3 |     3 |     7 |     2 ||    15
 Stab: Held in net/web   |       |     2 |     1 |       |       ||     3
  Eat: Chunk             |     1 |     8 |    11 |    11 |     5 ||    36
       Fruit             |       |       |     3 |     5 |     3 ||    11
       Royal jelly       |       |       |     3 |       |       ||     3
       Beef jerky        |       |       |       |     1 |       ||     1
       Bread ration      |       |       |       |     1 |       ||     1
